 Dungeon Crawl Stone Soup version 0.28.0 (webtiles) character file.

Game seed: 3625473242706881354

5121 AmazingTV the Slicer (level 10, -4/60 HPs)
             Began as a Tengu Delver on July 25, 2022.
             Was an Elder of Dithmenos.
             Slain by a six-headed hydra (9 damage)
             ... on level 9 of the Dungeon.
             The game lasted 01:11:31 (11010 turns).

AmazingTV the Slicer (Tengu Delver)                Turns: 11010, Time: 01:11:32

Health: -4/60      AC:  7    Str: 13    XL:     10   Next: 58%
Magic:  0/17       EV: 17    Int: 13    God:    Dithmenos [****..]
Gold:   338        SH:  0    Dex: 17    Spells: 18/18 levels left

rFire   . . .      SeeInvis .   Q - +1 dagger (elec) {short}
rCold   . . .      Faith    .   (no shield)
rNeg    + + .      Spirit   +   h - +2 leather armour of Shadows and Fog {Stlth+}
rPois   +          Reflect  .   (helmet restricted)
rElec   .          Harm     .   (no cloak)
rCorr   .          Rampage  .   H - +1 pair of gloves
Will    .....                   (boots unavailable)
Stlth   ++++++....              r - amulet of guardian spirit
HPRegen 0.20/turn               m - ring of positive energy
MPRegen 0.15/turn               n - ring "Laick" {Fly rPois rN+}

@: flying quickly and evasively, wreathed by umbra, quick
A: beak, talons 3, nimble flight
a: Renounce Religion, Shadow Step


You were on level 9 of the Dungeon.
You worshipped Dithmenos.
Dithmenos was greatly pleased with you.
You visited 2 branches of the dungeon, and saw 10 of its levels.

You collected 489 gold pieces.
You spent 151 gold pieces at shops.


Innate Abilities, Weirdness & Mutations

You have a beak for a mouth.
You have claws for feet.
Your magical nature lets you fly swiftly and evasively.


   Skills:
 + Level 6.1 Fighting
 * Level 8.3 Short Blades
 + Level 0.4 Staves
 + Level 4.4 Throwing
 - Level 2.6 Armour
 + Level 6.0 Dodging
 - Level 6.0 Stealth
 + Level 4.5 Spellcasting
 + Level 6.4 Conjurations
 + Level 3.4 Summonings
 + Level 6.6 Air Magic


You had 18 spell levels left.
You didn't know any spells.
Your spell library contained the following spells:

 Spells                   Type           Power      Damage    Failure   Level
 Magic Dart               Conj           76%        1d6       1%          1
 Summon Small Mammal      Summ           44%        N/A       6%          1
 Call Canine Familiar     Summ           11%        N/A       19%         3
 Pain                     Necr           8%         1d4       26%         1
 Sting                    Tmut/Pois      8%         1d3       26%         1
 Summon Guardian Golem    Hex/Summ       7%         N/A       36%         3

Inventory:

Hand Weapons
 a - a +2 dagger of speed {short}
   (You took it off a kobold on level 1 of the Dungeon)
 b - a +0 short sword {short}
 q - a +0 hand crossbow {crossbow}
   (You found it on level 9 of the Dungeon)
 F - a +0 dagger of freezing {short}
   (You took it off an orc priest on level 3 of the Dungeon)
 M - a +0 dagger of venom {short}
   (You took it off an orc wizard on level 6 of the Dungeon)
 Q - a +1 dagger of electrocution (weapon) {short}
   (You took it off an orc on level 7 of the Dungeon)
 V - a +0 shortbow {bow}
   (You took it off a centaur on level 8 of the Dungeon)
Missiles
 k - 3 poisoned darts (quivered)
 l - 179 arrows
 o - 29 sling bullets
 v - 93 bolts
 w - 182 stones
 E - a throwing net {=f!f}
 R - a boomerang
 S - 4 javelins
Armour
 h - the +2 leather armour of Shadows and Fog (worn) {Stlth+}
   (You found it on level 5 of the Dungeon)

   Stlth:     It makes you more stealthy.
 H - a +1 pair of gloves (worn)
   (You found it on level 5 of the Dungeon)
 K - a scarf of harm
   (You found it on level 5 of the Dungeon)
 N - the +0 ring mail of the Lich-sworn {Int+4}
   (You found it on level 6 of the Dungeon)

   Int:       It affects your intelligence (+4).
Magical Staves
 j - a staff of cold {!astaff}
   (You found it on level 9 of the Dungeon)
 B - a staff of air {!astaff}
   (You found it on level 2 of the Dungeon)
 T - a staff of cold {!astaff}
   (You found it on level 7 of the Dungeon)
Jewellery
 m - a ring of positive energy (left hand)
   (You found it on level 4 of the Dungeon)
 n - the ring "Laick" (right hand) {Fly rPois rN+}
   (You found it on level 4 of the Dungeon)

   [ring of poison resistance]

   rPois:     It protects you from poison.
   rN:        It protects you from negative energy.
   Fly:       It grants you flight.
 r - an amulet of guardian spirit (around neck)
   (You found it on level 1 of the Dungeon)
 I - a ring of wizardry
   (You found it on level 5 of the Dungeon)
 W - a ring of resist corrosion
   (You found it on level 7 of the Dungeon)
Wands
 g - a wand of digging (6)
Scrolls
 c - 4 scrolls of fog
 d - 5 scrolls of magic mapping {!r}
 e - a scroll of fear
 s - a scroll of torment {unknown}
 t - 3 scrolls of immolation {unknown}
 u - 2 scrolls of enchant armour {unknown}
 x - 7 scrolls of teleportation {@r4}
 y - 2 scrolls of enchant weapon {unknown}
 J - 2 scrolls of silence {unknown}
 O - a scroll of amnesia {unknown}
Potions
 f - 2 potions of haste {@q3}
 i - a potion of mutation {unknown}
 p - 5 potions of brilliance
 z - 2 potions of curing {@q1}
 D - a potion of invisibility
 G - a potion of berserk rage {unknown}
 L - 4 potions of might
 P - a potion of resistance {unknown}
 U - a potion of cancellation {unknown}

Dungeon Overview and Level Annotations

Branches:
Dungeon (9/15)             Temple (1/1) D:4            Lair (0/6) D:8
    Orc (0/2) D:9

Altars:
Ashenzari
Dithmenos
Elyvilon
Fedhas
Gozag
Hepliaklqana
Kikubaaqudgha
Makhleb
Nemelex Xobeh
Okawaru
Qazlal
Ru
Sif Muna
Trog
Uskayaw
Vehumet
Wu Jian
Xom
Yredelemnul
Zin
The Shining One

Shops:
D:2 *   D:8 * D:9

[ ..##......###...#
#..... .##......#.....##
# #.....
##......##...#..## #.
.... ...##...#........#
#.####.#
..###..#...##...##
#.....Do
..##.......#ยง..##
###o####
...#...........## #.# #
...........ยงยง...## #.#
...##..........D@## ###
#D#
..###......#####.D####.##
#.#### ..# ##.#..##
##.o.....# #..... ..#
##...##
#.#....#.#####.... ..#
#.#.##
##.##...##..(..(##.
....####.#
#.####..##.....#### #..##
########.# ##.#####..# #
## #....## #.# ##.# #
#.#### ### ### #


You could see a six-headed hydra, a steam dragon and an orc.


Message History

Your shadow closely misses the vampire.
You closely miss the vampire. The vampire hits you with a +0 club!
The vampire misses you. ๐Ÿ˜• HP[-8] MP[-2]
You take 8 damage, and now have 48/60 hp.
You lost 2 mp, and now have 15/17 mp.
You hit the vampire but do no damage. You claw the vampire, but do no damage.
You hit the vampire but do no damage. You claw the vampire.
Things that are here:
a +0 spear {polearm}; a +0 leather armour; 12 gold pieces ๐Ÿ˜• HP[+1] ๐Ÿ˜• MP[+1]
The orc priest miscasts a cantrip.
The orc priest calls down the wrath of Beogh upon you.
You struggle to resist. ๐Ÿ˜• HP[+1]
The orc priest miscasts a cantrip. ๐Ÿ˜• HP[+1] ๐Ÿ˜• MP[+1]
Your mp is fully restored (17). ๐Ÿ˜• HP[+1]
j - a staff of cold (weapon)
{!astaff}
Aiming: Shadow Step
Press: ? - help, Dir - move target, f - six-headed hydra
Aim: a six-headed hydra (umbra)
Okay, then.
Okay, then.
Okay, then.
Okay, then.
Really fire
E - 2 throwing nets {=f!f}?
You hear the crackle of electricity.
Q - a +1 dagger of electrocution (weapon)
{short} Throw: 2 throwing nets {=f!f}
Press: ? - help, Q - select action, (/) - cycle Shift-Dir - straight line, f - six-headed hydra
Aim: a six-headed hydra (umbra, 81% to hit, immune to nets)
You throw a throwing net {=f!f}.
The throwing net {=f!f} barely misses the six-headed hydra.
Your shadow throws a throwing net.
The throwing net hits the six-headed hydra.
The six-headed hydra is too large for the net to hold!
The throwing net disappears in a puff of smoke! ๐Ÿ˜• HP[+1] Throw: 4 darts (poison)
Press: ? - help, Q - select action, (/) - cycle Shift-Dir - straight line, f/p - six-headed hydra
Aim: a six-headed hydra (umbra, 81% to hit)
You throw a poisoned dart.
The poisoned dart hits the six-headed hydra!
You hit the six-headed hydra. You claw the six-headed hydra!
You peck the six-headed hydra. You hit the six-headed hydra.
You peck the six-headed hydra. The six-headed hydra bites you.
The six-headed hydra misses you.
The six-headed hydra closely misses you.
The six-headed hydra bites you but does no damage.
The six-headed hydra bites you.
The six-headed hydra misses you. ๐Ÿ˜• HP[-1] MP[-1]
You take 1 damage, and now have 52/60 hp.
You lost 1 mp, and now have 16/17 mp.
You hit the six-headed hydra.
Lightning courses through the six-headed hydra!
You barely miss the six-headed hydra. You peck the six-headed hydra.
The six-headed hydra closely misses you.
The six-headed hydra bites you. The six-headed hydra bites you!
The six-headed hydra bites you.
The six-headed hydra bites you but does no damage. x2 ๐Ÿ˜ฎ HP[-10] MP[-3]
You take 10 damage, and now have 42/60 hp.
You lost 3 mp, and now have 13/17 mp.
You hit the six-headed hydra. Your kick misses the six-headed hydra.
The six-headed hydra bites you. x2
The six-headed hydra completely misses you.
The six-headed hydra bites you!
* * * LOW HITPOINT WARNING * * *
The six-headed hydra bites you but does no damage.
The six-headed hydra bites you.
* * * LOW HITPOINT WARNING * * *
๐Ÿ˜จ HP[-14] MP[-5]
You take 14 damage, and now have 28/60 hp.
MASSIVE DAMAGE!! (PAUSE)
You lost 5 mp, and now have 8/17 mp. ๐Ÿ˜จ HP[+1]
A steam dragon comes into view. ๐Ÿ˜จ MP[+1]
The steam dragon hisses angrily.
The steam dragon breathes steam at you. The ball of steam misses you.
Unknown command. ๐Ÿ˜จ HP[+1]
The six-headed hydra is engulfed in a cloud of scalding steam.
The steam dragon bites you but does no damage.
The steam dragon claws you.
* * * LOW HITPOINT WARNING * * *
The six-headed hydra bites you!
* * * LOW HITPOINT WARNING * * *
The six-headed hydra bites you!
* * * LOW HITPOINT WARNING * * *
The six-headed hydra misses you. The six-headed hydra bites you!
* * * LOW HITPOINT WARNING * * *
The six-headed hydra bites you but does no damage.
The six-headed hydra bites you!
You die...

Skill      XL: |  1  2  3  4  5  6  7  8  9 10 |
---------------+-------------------------------+-----
Conjurations   | 1 2 3 4 5 6 |  6.4
Air Magic      | 1 2 3 4 6 |  6.6
Short Blades   | 3 4 6 7 8 |  8.3
Spellcasting   | 1 2 3 4 |  4.5
Dodging        | 3 4 5 6 |  6.0
Fighting       | 4 5 6 |  6.1
Throwing       | 1 2 3 4 |  4.4
Stealth        | 6 |  6.0
Armour         | 2 |  2.6
Summonings     | 2 3 |  3.4
Staves         | |  0.4

Action                   |  1- 3 |  4- 6 |  7- 9 | 10-12 || total
-------------------------+-------+-------+-------+-------++-------
Melee: Short sword       |    21 |   104 |    34 |     4 ||   163
       Kick              |     4 |    58 |    87 |    84 ||   233
       Peck              |     2 |    33 |    64 |    56 ||   155
       Dagger            |       |    97 |   228 |   172 ||   497
       Staff             |       |     4 |       |     2 ||     6
       Punch             |       |     2 |     6 |     3 ||    11
Throw: Stone             |     1 |     1 |     1 |       ||     3
       Dart              |       |    12 |     9 |     3 ||    24
       Throwing net      |       |       |     2 |     1 ||     3
       Boomerang         |       |       |       |    15 ||    15
       Javelin           |       |       |       |     4 ||     4
  Use: Scroll            |       |       |     6 |     3 ||     9
 Stab: Sleeping          |     2 |    34 |    21 |     2 ||    59
       Held in net/web   |       |       |     2 |       ||     2
       Distracted        |       |       |       |     1 ||     1
Armor: Leather armour    |     2 |    18 |    32 |    24 ||    76
Dodge: Dodged            |    13 |    98 |   151 |   110 ||   372

Levels and vault maps discovered:
D:1:      kilobyte_arrival_exit_the_forest, layout_loops_corners,
          basic_ecumenical_altar, corexii_item_surrounded_by_moat,
          chequers_serial_rivers_micro_a, st_stairs_11, glass_columns_b,
          chequers_serial_rivers_room_a, minmay_misc_feat_roman
D:2:      layout_loops_corners, basic_altar, serial_shops,
          nicolae_shop_waterfront, grunt_ministairs_9
D:3:      layout_basic, led_sif_pool, lemuel_tele_altar, serial_bayou_ford_a
D:4:      minmay_angry_zag, layout_cave_pools, elyvilon_altar_4,
          minmay_overflow_temple_star_quad, minmay_temple_entry_wispy,
          kennysheep_generic_room_13
D:5:      layout_cave_pools, serial_column_ruins, column_ruins_hut_ruined,
          column_ruins_hut_ruined, column_ruins_grid_1,
          column_ruins_columns_corner, column_ruins_open_tiny,
          column_ruins_grid_3, column_ruins_grid_1, column_ruins_grid_4,
          column_ruins_open_small, minmay_misc_feat_five
D:6:      layout_cave_pods, serial_rivers, chequers_serial_rivers_micro_e,
          chequers_serial_rivers_small_a, chequers_serial_rivers_small_a,
          chequers_serial_rivers_micro_d, uniq_menkaure
D:7:      layout_loops_ring, grunt_temple_overflow_champion_of_chaos,
          grunt_gozag_breadcrumbs, patterned_corridor
D:8:      layout_cave_pools, lair_entry_dummy, serial_shops,
          kennysheep_little_box
D:9:      layout_layer_cave, tgw_trog, orc_david_3, minivault_28
Temple:   eino_wide_crystal_templ

Notes
Turn   | Place    | Note
-------+----------+-------------------------------------------
     0 | D:5      | AmazingTV the Tengu Delver began the quest for the Orb.
     0 | D:5      | Reached XP level 1. HP: 14/14 MP: 2/2
     0 | D:5      | magus.rc [v1.9.6]
    24 | D:5      | Noticed a howler monkey
    43 | D:5      | Killed a howler monkey
    44 | D:5      | Reached skill level 1 in Conjurations
    44 | D:5      | Reached skill level 1 in Air Magic
    44 | D:5      | Reached XP level 2. HP: 19/19 MP: 2/4
    44 | D:5      | Reached XP level 3. HP: 23/23 MP: 2/5
    47 | D:5      | Identified the +2 leather armour of Shadows and Fog
                  | {Stlth+}
   358 | D:4      | Reached XP level 4. HP: 28/28 MP: 6/6
   416 | D:4      | Found a staircase to the Ecumenical Temple.
   421 | D:4      | Reached skill level 3 in Short Blades
   421 | D:4      | Reached skill level 1 in Spellcasting
   446 | Temple   | Entered the Ecumenical Temple
   522 | Temple   | Became a worshipper of Dithmenos the Shadowed
   555 | D:4      | Identified the ring "Laick" {Fly rPois rN+}
   566 | D:4      | Found a white marble altar of Elyvilon.
   596 | D:4      | Gained mutation: Your magical nature lets you fly swiftly
                  | and evasively. [Tengu growth]
   596 | D:4      | Reached XP level 5. HP: 32/32 MP: 7/7
   655 | D:4      | Noticed an ogre
   664 | D:4      | Killed an ogre
   665 | D:4      | Reached skill level 3 in Dodging
   665 | D:4      | Reached skill level 2 in Conjurations
   665 | D:4      | Reached skill level 2 in Air Magic
   743 | D:4      | Found an iron altar of Okawaru.
   753 | D:4      | Found a sparkling altar of Nemelex Xobeh.
   757 | D:4      | Found a sacrificial altar of Ru.
   966 | D:3      | Found a hide-covered altar of Uskayaw.
   996 | D:3      | HP: 8/32 [gnoll (6)]
   997 | D:3      | HP: 2/32 [gnoll (7)]
  1666 | D:2      | Reached XP level 6. HP: 38/38 MP: 9/9
  1880 | D:2      | Found a basalt altar of Yredelemnul.
  2052 | D:2      | Found Zeafymm's General Store.
  2070 | D:2      | Bought a potion of curing for 39 gold pieces
  2329 | D:2      | Reached * piety under Dithmenos
  2790 | D:1      | Found a faded altar of an unknown god.
  3980 | D:3      | Reached ** piety under Dithmenos
  4108 | D:3      | Found a shimmering blue altar of Sif Muna.
  4133 | D:3      | Reached skill level 4 in Short Blades
  4939 | D:5      | Reached skill level 2 in Spellcasting
  5021 | D:5      | Reached skill level 3 in Air Magic
  5021 | D:5      | Reached XP level 7. HP: 38/42 MP: 9/11
  5058 | D:5      | Reached skill level 4 in Fighting
  5100 | D:5      | Reached skill level 1 in Throwing
  5100 | D:5      | Reached skill level 3 in Conjurations
  5147 | D:5      | You pick up a book of Callings and begin reading...
  5147 | D:5      | You add the spells Summon Small Mammal, Call Canine
                  | Familiar and Summon Guardian Golem to your library.
  5718 | D:6      | Reached skill level 6 in Stealth
  5732 | D:6      | Identified the +0 ring mail of the Lich-sworn {Int+4}
  5749 | D:6      | Reached XP level 8. HP: 45/48 MP: 12/12
  5879 | D:6      | Identified a scroll of acquirement
  5879 | D:6      | Acquired The Arcane Arts 101
  5882 | D:6      | You add the spells Magic Dart, Pain and Sting to your
                  | library.
  5915 | D:6      | Reached skill level 5 in Short Blades
  5974 | D:6      | Noticed Menkaure
  6083 | D:6      | Killed Menkaure
  6084 | D:6      | Reached skill level 2 in Throwing
  6084 | D:6      | Reached skill level 4 in Dodging
  6084 | D:6      | Reached skill level 4 in Air Magic
  6243 | D:6      | Reached skill level 1 in Armour
  6378 | D:6      | Noticed a kobold demonologist
  6385 | D:6      | Killed a kobold demonologist
  6386 | D:6      | Reached skill level 3 in Spellcasting
  6386 | D:6      | Reached skill level 4 in Conjurations
  6458 | D:6      | Reached skill level 6 in Short Blades
  6517 | D:6      | Reached skill level 2 in Armour
  6529 | D:6      | Reached *** piety under Dithmenos
  6878 | D:7      | Reached XP level 9. HP: 53/53 MP: 14/14
  7105 | D:7      | Reached skill level 3 in Throwing
  7120 | D:7      | Reached skill level 5 in Fighting
  7120 | D:7      | Reached skill level 5 in Air Magic
  7348 | D:7      | Found an opulent altar of Gozag.
  7375 | D:7      | Found a burning altar of Makhleb.
  7375 | D:7      | Found a shimmering altar of Xom.
  7394 | D:7      | You are sucked into a shaft and drop 2 floors!
  7432 | D:9      | Reached skill level 5 in Conjurations
  7531 | D:9      | Found a staircase to the Orcish Mines.
  7531 | D:9      | Found Baegeusoa's Armour Boutique.
  7597 | D:9      | HP: 9/54 [acid dragon (5)]
  8131 | D:9      | Reached skill level 5 in Dodging
  8131 | D:9      | Reached skill level 1 in Summonings
  8145 | D:9      | Noticed a cyclops
  8358 | D:8      | Found a staircase to the Lair.
  8433 | D:8      | Reached skill level 7 in Short Blades
  8739 | D:8      | Noticed a two-headed ogre
  8745 | D:8      | Killed a two-headed ogre
  8746 | D:8      | Reached skill level 4 in Spellcasting
  8746 | D:8      | Reached skill level 2 in Summonings
  8746 | D:8      | Reached skill level 6 in Air Magic
  8746 | D:8      | Reached XP level 10. HP: 60/60 MP: 15/17
  8768 | D:8      | Reached skill level 4 in Throwing
  8768 | D:8      | Reached skill level 6 in Conjurations
  8849 | D:8      | Reached skill level 3 in Summonings
  9224 | D:7      | Reached skill level 8 in Short Blades
  9294 | D:7      | magus.rc [v1.9.6]
  9936 | D:8      | Reached skill level 6 in Fighting
 10042 | D:8      | Found Kaly's General Store.
 10047 | D:8      | Bought 2 potions of might for 112 gold pieces
 10460 | D:9      | Noticed a moth of wrath
 10605 | D:9      | Found a bloodstained altar of Trog.
 10777 | D:9      | Reached **** piety under Dithmenos
 10790 | D:9      | Reached skill level 6 in Dodging
 10888 | D:9      | Noticed a six-headed hydra
 10934 | D:9      | Noticed a four-headed hydra
 11010 | D:9      | HP: 13/60 [six-headed hydra (6)]
 11010 | D:9      | HP: 5/60 [six-headed hydra (8)]
 11010 | D:9      | Slain by a six-headed hydra

Vanquished Creatures
  A two-headed ogre (D:8)
  A kobold demonologist (D:6)
  A wyvern (D:7)
  5 yaks (D:8)
  A wraith (D:8)
  Menkaure (D:6)
  A vampire mosquito (D:9)
  An acid dragon (D:8)
  3 orc warriors
  3 ice beasts
  2 ogres
  5 centaurs
  3 bullfrogs
  2 scorpions
  2 wyvern zombies
  2 wyvern skeletons (D:7)
  4 howler monkeys
  5 wights (D:9)
  A crimson imp (D:7)
  3 centaur zombies (D:9)
  A jelly (D:6)
  2 hounds
  5 orc priests
  A gnoll shaman (D:7)
  3 iguanas
  5 orc wizards
  A killer bee zombie (D:6)
  A hound skeleton (D:4)
  14 gnolls
  A howler monkey skeleton (D:6)
  5 adders
  2 white imps
  6 worms
  2 dart slugs
  21 orcs
  7 bats
  8 endoplasms
  4 giant cockroaches
  4 goblins
  4 hobgoblins
  7 kobolds
  9 quokkas
  10 ball pythons
  4 frilled lizards
  A quokka skeleton (D:4)
  10 rats
185 creatures vanquished.

Vanquished Creatures (others)
  An acid dragon (D:9)
  An orc (D:4)
  A hobgoblin (D:4)
  3 plants (D:3)
6 creatures vanquished.

Grand Total: 191 creatures vanquished

Table legend:
 A = Non-vault XP
 B = Vault XP
 C = Vault XP percentage of total XP
 D = Non-vault monster count
 E = Vault monster count
 F = Vault count percentage of total count
                 A         B        C        D         E       F
            +---------+---------+-------+---------+---------+-------
      Total |    6663 |     654 |   8.9 |     165 |      20 |  10.8
            +---------+---------+-------+---------+---------+-------
        D:1 |      35 |       5 |  12.5 |      22 |       3 |  12.0
        D:2 |      39 |       3 |   7.1 |      15 |       2 |  11.8
        D:3 |     172 |       0 |   0.0 |      27 |       0 |   0.0
        D:4 |     206 |      31 |  13.1 |      13 |       4 |  23.5
        D:5 |     467 |       0 |   0.0 |      15 |       0 |   0.0
        D:6 |    1168 |     175 |  13.0 |      21 |       1 |   4.5
        D:7 |    1044 |      50 |   4.6 |      19 |       1 |   5.0
        D:8 |    2804 |     205 |   6.8 |      18 |       1 |   5.3
        D:9 |     728 |     185 |  20.3 |      15 |       8 |  34.8
            +---------+---------+-------+---------+---------+-------

Illustrated notes

Table legend:
 A = Kills in this place as a percentage of kills in entire the game.
 B = Kills by you in this place as a percentage of kills by you in the entire game.
 C = Kills by friends in this place as a percentage of kills by friends in the entire game.
 D = Other kills in this place as a percentage of other kills in the entire game.
 E = Experience gained in this place as a percentage of experience gained in the entire game.
 F = Experience gained in this place divided by the number of levels of this place that you have seen.
                   A       B       C       D       E      F
               +-------+-------+-------+-------+-------+----------------------
         Total | 100.0 | 100.0 |   N/A |   N/A | 100.0 | 731.7
       Dungeon | 100.0 | 100.0 |   N/A |   N/A | 100.0 | 813.0
               +-------+-------+-------+-------+-------+----------------------

Table legend: (Time is in decaauts)
 A = Elapsed time spent in this place.
 B = Non-inter-level travel time spent in this place.
 C = Inter-level travel time spent in this place.
 D = Time resting spent in this place.
 E = Time spent auto-exploring this place.
 F = Levels seen in this place.
 G = Mean time per level.
                   A        B        C        D        E       F      G
               +--------+--------+--------+--------+--------+-----+--------+
         Total |  10111 |   9224 |    887 |   2868 |   4397 |  10 | 1011.1 |
       Dungeon |  10028 |   9171 |    857 |   2868 |   4352 |   9 | 1114.2 |
        Temple |     83 |     53 |     30 |      0 |     45 |   1 |   83.0 |
               +--------+--------+--------+--------+--------+-----+--------+

Top non-repeatable levels by time:
     D:7: 1439 daAuts
     D:3: 1368 daAuts
     D:9: 1362 daAuts
     D:4: 1216 daAuts
     D:8: 1117 daAuts
     D:2: 973 daAuts
     D:6: 915 daAuts
     D:1: 876 daAuts
     D:5: 758 daAuts
  Temple: 83 daAuts
